 Dungeon Crawl Stone Soup version 0.23-b1-84-g6588a6b (webtiles) character file.

Game seed: 17559980581405958151

134 DarkinPup the Slasher (level 4, 0/35 HPs)
             Began as a Demonspawn Gladiator on Feb 9, 2019.
             Was a Follower of Fedhas.
             Killed from afar by an orc wizard (6 damage)
             ... with a magic dart
             ... on level 4 of the Dungeon.
             The game lasted 00:03:13 (2810 turns).

DarkinPup the Slasher (Demonspawn Gladiator)        Turns: 2810, Time: 00:03:13

Health: 0/35       AC:  4    Str: 14    XL:     4   Next: 95%
Magic:  4/4        EV: 13    Int:  9    God:    Fedhas [*.....]
Gold:   183        SH:  0    Dex: 16    Spells: 3/3 levels left

rFire    . . .     SeeInvis .   a - +0 long sword
rCold    . . .     Gourm    .   (no shield)
rNeg     . . .     Faith    .   b - +0 leather armour
rPois    .         Spirit   .   c - +0 helmet
rElec    .         Reflect  .   (no cloak)
rCorr    .         Harm     .   (no gloves)
MR       .....                  (no boots)
Stlth    +++.......             (no amulet)
HPRegen  0.11/turn              (no ring)
MPRegen  0.09/turn              (no ring)

@: slowed, very slow
A: nightstalker 2, powered by pain 1
a: Fungal Bloom, Sunlight, Renounce Religion


You were on level 4 of the Dungeon.
You worshipped Fedhas.
Fedhas was aware of your devotion.
You were not hungry.

You visited 1 branch of the dungeon, and saw 4 of its levels.

You collected 183 gold pieces.

Inventory:

Hand Weapons
 a - a +0 long sword (weapon)
Missiles
 d - 3 throwing nets (quivered)
Armour
 b - a +0 leather armour (worn)
 c - a +0 helmet (worn)
Scrolls
 e - a scroll of amnesia {unknown}
 h - a scroll of identify {unknown}
 j - a scroll of random uselessness {unknown}
 k - 2 scrolls of enchant armour {unknown}
 l - a scroll of fear {unknown}
 n - a scroll of teleportation {unknown}
 r - a scroll of noise {unknown}
 s - a scroll of fog {unknown}
Potions
 g - a potion of heal wounds {unknown}
 i - a potion of brilliance {unknown}
 m - a potion of haste {unknown}
 o - a potion of mutation {unknown}
 q - a potion of might {unknown}
Comestibles
 f - 3 rations


   Skills:
 + Level 3.0 Fighting
 + Level 3.8 Long Blades
 - Level 1.7 Throwing
 - Level 0.5 Armour
 + Level 3.6 Dodging
 - Level 0.4 Stealth


You had 3 spell levels left.
You didn't know any spells.
Your spell library was empty.

Dungeon Overview and Level Annotations

Branches:
Dungeon (4/15)
 Temple: D:4-7

Altars:
Ashenzari
Fedhas
Hepliaklqana
Kikubaaqudgha


Innate Abilities, Weirdness & Mutations

You are significantly more attuned to the shadows.
You sometimes gain a little power by taking damage.


Message History

The orc is moderately wounded.
The orc completely misses you.
You riposte.
You slash the orc!
You kill the orc!
You closely miss the orc wizard. The orc wizard casts a spell at you.
The magic dart hits you.
You closely miss the orc wizard.
The orc wizard hits you with a +0 dagger.
* * * LOW HITPOINT WARNING * * *
The orc wizard gestures at you while chanting.
You feel yourself slow down.
You closely miss the orc wizard.
The orc wizard hits you with a +0 dagger.
* * * LOW HITPOINT WARNING * * *
You closely miss the orc wizard.
The orc wizard hits you but does no damage.
The orc wizard gestures at you while chanting.
The magic dart hits you.
You die...
Fedhas appreciates your contribution to the ecosystem.

####......
.........
........#
........#
........#
.....oo.#
...###o##
. #@# #.##
#..# ##.##
##..###
#..>..#
#.#####
#.#
#.#####


You could see an orc wizard and 2 orcs.

Vanquished Creatures
  Terence (D:3)
  5 adders (D:3)
  2 worms
  2 dart slugs
  3 leopard geckos
  2 orcs
  3 giant cockroaches
  5 hobgoblins
  2 jackals (D:3)
  6 kobolds
  A quokka (D:2)
  4 bats
  5 frilled lizards
  5 goblins
  4 rats
50 creatures vanquished.

Vanquished Creatures (others)
  11 toadstools
11 creatures vanquished.

Grand Total: 61 creatures vanquished

Notes
Turn   | Place    | Note
-------+----------+-------------------------------------------
     0 | D:1      | DarkinPup the Demonspawn Gladiator began the quest for the
                  | Orb.
     0 | D:1      | Reached XP level 1. HP: 16/16 MP: 1/1
   208 | D:1      | Gained mutation: You are slightly more attuned to the
                  | shadows. [demonic ancestry]
   208 | D:1      | Reached XP level 2. HP: 21/22 MP: 2/2
   560 | D:1      | You fall through a shaft!
   683 | D:2      | Found a shattered altar of Ashenzari.
   734 | D:2      | Found a hazy altar of Hepliaklqana.
   779 | D:2      | Gained mutation: You sometimes gain a little power by
                  | taking damage. [demonic ancestry]
   779 | D:2      | Reached XP level 3. HP: 25/27 MP: 3/3
   854 | D:2      | Found a blossoming altar of Fedhas.
   855 | D:2      | Found an ancient bone altar of Kikubaaqudgha.
   885 | D:2      | Became a worshipper of Fedhas Madash
  1652 | D:3      | Gained mutation: You are significantly more attuned to the
                  | shadows. [demonic ancestry]
  1652 | D:3      | Reached XP level 4. HP: 23/34 MP: 4/4
  1776 | D:3      | Noticed Terence
  1801 | D:3      | Killed Terence
  2268 | D:3      | Reached * piety under Fedhas
  2810 | D:4      | Killed from afar by an orc wizard

Skill      XL: |  1  2  3  4 |
---------------+-------------+-----
Long Blades    | 3 |  3.8
Dodging        | 3 |  3.6
Fighting       | 3 |  3.0
Throwing       | |  1.7
Armour         | |  0.5
Stealth        | |  0.4

Action                   |  1- 3 |  4- 6 || total
-------------------------+-------+-------++-------
Melee: Long sword        |   109 |    57 ||   166
Invok: Fungal Bloom      |     4 |     4 ||     8
 Stab: Sleeping          |     6 |     3 ||     9
  Eat: Chunk             |     2 |     2 ||     4
       Ration            |       |     1 ||     1
Armor: Leather armour    |    35 |    14 ||    49
Dodge: Dodged            |    75 |    40 ||   115
       Rpst.: Long sword |    27 |     8 ||    35
